 Dungeon Crawl Stone Soup version 0.28.0 (webtiles) character file.

Game seed: 14624052577655048547

9 theswoord the Twirler (level 2, 22/22 HPs)
             Began as a Demonspawn Gladiator on Feb 17, 2022.
             Got out of the dungeon alive.
             The game lasted 00:00:21 (298 turns).

theswoord the Twirler (Demonspawn Gladiator)         Turns: 298, Time: 00:00:21

Health: 22/22      AC:  4    Str: 14    XL:     2   Next: 6%
Magic:  2/2        EV: 12    Int:  9    God:
Gold:   26         SH:  0    Dex: 14    Spells: 1/1 levels left

rFire   . . .      SeeInvis .   a - +0 quarterstaff
rCold   . . .      Faith    .   (shield currently unavailable)
rNeg    . . .      Spirit   .   b - +0 leather armour
rPois   .          Reflect  .   c - +0 helmet
rElec   .          Harm     .   (no cloak)
rCorr   .          Rampage  .   (no gloves)
Will    .....                   (no boots)
Stlth   +.........              (no amulet)
HPRegen 0.07/turn               (no ring)
MPRegen 0.08/turn               (no ring)

@: no status effects
A: demonic magic 1
a: no special abilities


You escaped.
You visited 1 branch of the dungeon, and saw 1 of its levels.

You collected 26 gold pieces.

Inventory:

Hand Weapons
 a - a +0 quarterstaff (weapon)
Missiles
 d - 3 throwing nets (quivered)
Armour
 b - a +0 leather armour (worn)
 c - a +0 helmet (worn)
Scrolls
 e - a scroll of blinking {unknown}
 f - a scroll of torment {unknown}


   Skills:
 - Level 2.0 Fighting
 + Level 3.3 Staves
 - Level 1.7 Throwing
 - Level 2.6 Dodging


You had one spell level left.
You didn't know any spells.
Your spell library was empty.

Dungeon Overview and Level Annotations

Branches:
Dungeon (1/15)

Altars:


Innate Abilities, Weirdness & Mutations

Spells you cast may paralyse adjacent enemies.


Message History

No target in view!
A quokka and a ball python come into view.
The quokka moves out of view.
Things that are here:
a +0 club; a goblin corpse A ball python is nearby!
A ball python is nearby!
A ball python is nearby!
The ball python barely misses you. The ball python closely misses you.
You thump the ball python!
You kill the ball python!
The quokka barely misses you.
You have reached level 2!
Your demonic ancestry asserts itself...
A menacing aura infuses your magic.
You hit the quokka.
The quokka is heavily wounded.
The quokka bites you.
You closely miss the quokka.
The quokka is heavily wounded.
The quokka bites you but does no damage.
You miss the quokka.
The quokka is moderately wounded.
The quokka misses you. The quokka closely misses you.
You hit the quokka but do no damage.
The quokka is moderately wounded.
The quokka bites you but does no damage.
You sock the quokka!
You kill the quokka!
No target in view!
No target in view!
Things that are here:
a quokka corpse; a ball python corpse
Found 26 stones.
You see here 26 stones.
Found 17 stones.
No target in view!
There is a staircase leading out of the dungeon here.
Are you sure you want to leave the Dungeon?
This will make you lose the game!
You have escaped!

#.#.###.......#...#........#
#.#.###..#######.#######..##
#....#...# ##.......## #..#
...#.#...###.........###..#
.#.......##...........##..#
....##...#.............#..#
...###..##.............##..
...†...#.#.............#.#.
.#..†.#.........@....... #.
.......#.#.............#
.#......##.............#
.#.......#.............#
>........##...........##
##..###..###.........## ##..
...# ##.......## # ..
####.#### ..


There were no monsters in sight!

Vanquished Creatures
  A goblin (D:1)
  4 jackals (D:1)
  A quokka (D:1)
  A ball python (D:1)
  A bat (D:1)
8 creatures vanquished.

Notes
Turn   | Place    | Note
-------+----------+-------------------------------------------
     0 | D:1      | theswoord the Demonspawn Gladiator began the quest for the
                  | Orb.
     0 | D:1      | Reached XP level 1. HP: 16/16 MP: 1/1
    24 | D:1      | Reached skill level 3 in Staves
   220 | D:1      | Gained mutation: Spells you cast may paralyse adjacent
                  | enemies. [demonic ancestry]
   220 | D:1      | Reached XP level 2. HP: 22/22 MP: 2/2
   298 | D:$      | Got out of the dungeon alive.

Skill      XL: |  1 |
---------------+----+-----
Staves         | 3 |  3.3
Fighting       | |  2.0
Throwing       | |  1.7
Dodging        | |  2.6

Action                   || total
-------------------------++-------
Melee: Quarterstaff      ||    24
Armor: Leather armour    ||    12
Dodge: Dodged            ||    25

Levels and vault maps discovered:
D:1:      psy_arrival_dodecagon, layout_rooms, basic_ecumenical_altar
